 Dungeon Crawl Stone Soup version 0.28.0-53-g5a82cb258f (webtiles) character file.

Game seed: 14492665230900365887

784 mcbry74 the Conjurer (level 7, 0/41 HPs)
             Began as an Octopode Hedge Wizard on June 30, 2022.
             Was an Initiate of Sif Muna.
             Succumbed to Crazy Yiuf's poison
             ... on level 5 of the Dungeon.
             The game lasted 00:26:07 (6393 turns).

mcbry74 the Conjurer (Octopode Hedge Wizard)        Turns: 6393, Time: 00:26:08

Health: 0/41       AC:  1    Str:  9    XL:     7   Next: 86%
Magic:  29/29      EV: 17    Int: 19    God:    Sif Muna [......]
Gold:   263        SH:  0    Dex: 11    Spells: 6/12 levels left

rFire   . . .      SeeInvis .   p - +0 dagger (elec)
rCold   . . .      Faith    .   (no shield)
rNeg    . . .      Spirit   .   b - +0 hat
rPois   .          Reflect  .   (no amulet)
rElec   .          Harm     .   o - ring of magical power
rCorr   .          Rampage  .   s - ring of magical power
Will    .....                   w - +4 ring of evasion
Stlth   ++++......              (no ring)
HPRegen 0.13/turn               (no ring)
MPRegen 0.21/turn               (no ring)
                                (no ring)
                                (no ring)

@: lethally poisoned (0 -> -19)
A: almost no armour, amphibious, 8 rings, camouflage 1, gelatinous body 1,
(nimble swimmer 1), tentacles
a: Renounce Religion


You were on level 5 of the Dungeon.
You worshipped Sif Muna.
Sif Muna was noncommittal.
You visited 2 branches of the dungeon, and saw 6 of its levels.

You collected 263 gold pieces.

Inventory:

Hand Weapons
 a - a +0 dagger
 p - a +0 dagger of electrocution (weapon)
Missiles
 c - 2 poisoned darts
 g - 85 stones
 k - 3 boomerangs
Armour
 b - a +0 hat (worn)
Magical Staves
 j - a staff of earth
Jewellery
 o - a ring of magical power (left tentacle)
 s - a ring of magical power (right tentacle)
 w - a +4 ring of evasion (on tentacle)
Scrolls
 d - 2 scrolls of teleportation
 h - a scroll of magic mapping
Potions
 e - a potion of magic
 f - 3 potions of curing
 i - a potion of attraction {unknown}
 l - a potion of degeneration {unknown}
 m - 2 potions of haste {unknown}
 r - a potion of mutation {unknown}
 t - a potion of berserk rage {unknown}
 u - a potion of brilliance {unknown}


   Skills:
 + Level 4.0 Short Blades
 - Level 2.0 Dodging
 - Level 6.1 Stealth
 - Level 3.0 Spellcasting
 * Level 6.2 Conjurations
 - Level 1.0 Summonings
 - Level 1.0 Translocations


You had 6 spell levels left.
You knew the following spells:

 Your Spells              Type           Power      Damage    Failure   Level
a - Magic Dart            Conj           100%       1d8       1%          1
b - Slow                  Hex            8%         N/A       16%         1
c - Blink                 Tloc           12%        N/A       16%         2
d - Call Imp              Summ           6%         N/A       16%         2

Your spell library contained the following spells:

 Spells                   Type           Power      Damage    Failure   Level
 Conjure Flame            Conj/Fire      14%        6-21      13%         3
 Mephitic Cloud           Conj/Pois/Air  10%        N/A       21%         3
 Ensorcelled Hibernation  Hex/Ice        4%         N/A       22%         2
 Passwall                 Tmut/Erth      1%         N/A       22%         2
 Sublimation of Blood     Necr           2%         N/A       22%         2
 Wereblood                Tmut           2%         N/A       22%         2
 Sticky Flame             Conj/Fire      14%        2d4       38%         4
 Ignite Poison            Fire/Tmut/Pois 2%         N/A       41%         3
 Swiftness                Air            2%         N/A       41%         3
 Summon Hydra             Summ           3%         N/A       100%        7


Dungeon Overview and Level Annotations

Branches:
Dungeon (5/15)             Temple (1/1) D:5

Altars:
Gozag
Hepliaklqana
Nemelex Xobeh
Sif Muna
Trog
Uskayaw
Vehumet
Wu Jian
Yredelemnul

Annotations:
D:5 Eustachio


Innate Abilities, Weirdness & Mutations

You cannot wear most types of armour.
You are amphibious.
You can wear up to eight rings at the same time.
Your skin changes colour to match your surroundings (Stealth+).
Your rubbery body absorbs attacks. (AC +1, EV +1)
((You are camouflaged when in or above water. (Stealth+)))
You have tentacles for arms and can constrict up to eight enemies at once.


Message History

Press: ? - help, Shift-Dir - straight line, f/p - howler monkey skeleton
Aim: a howler monkey skeleton (moderately damaged, 100% to hit)
The magic dart hits the howler monkey skeleton.
The howler monkey skeleton is severely damaged.
Casting: Magic Dart (safe; 1% risk of failure)
Confirm with . or Enter, or press ? or * to list all spells.
Aiming: Magic Dart (safe; 1% risk of failure)
Press: ? - help, Shift-Dir - straight line, f/p - howler monkey skeleton
Aim: a howler monkey skeleton (severely damaged, 100% to hit)
The magic dart hits the howler monkey skeleton.
The howler monkey skeleton is severely damaged.
You hit the howler monkey skeleton. You grab the howler monkey skeleton.
The howler monkey skeleton is almost destroyed.
You constrict the howler monkey skeleton.
The howler monkey skeleton misses you.
You hit the howler monkey skeleton. You squeeze the howler monkey skeleton.
You destroy the howler monkey skeleton!
Sif Muna accepts your kill.
Your Short Blades skill increases to level 4!
You start resting.
Magic restored.
Found a glowing mace.
Found a runed translucent door.
You open the door.
There is an open translucent door here.
Crazy Yiuf shouts!
Crazy Yiuf hits you with a +4 quarterstaff of chaos!!
Crazy Yiuf burns you!
You hit Crazy Yiuf but do no damage. Lightning courses through Crazy Yiuf!
Your grab misses Crazy Yiuf.
Crazy Yiuf is heavily wounded.
You hit Crazy Yiuf but do no damage. You grab Crazy Yiuf.
Crazy Yiuf is heavily wounded.
You constrict Crazy Yiuf, but do no damage.
Crazy Yiuf hits you with a +4 quarterstaff of chaos!
* * * LOW HITPOINT WARNING * * *
You are lethally poisoned!
You hit Crazy Yiuf. Lightning courses through Crazy Yiuf!
You kill Crazy Yiuf!
Sif Muna accepts your kill.
You die...

♣...♣♣
#........#
♣♣.♣♣
##...###...
♣.♣♣
#....##....
♣♣.♣
#....#.....
♣.♣♣
#....#.....
♣♣.♣
###.).....#
##'##
#......###
#...#
##...###
#.@.# #####
#.))# #####


There were no monsters in sight!

Vanquished Creatures
  A water moccasin (D:5)
  A phantom (D:5)
  Blork the orc (D:5)
  A scorpion (D:5)
  A howler monkey (Temple)
  2 hounds (D:5)
  Crazy Yiuf (D:5)
  A centaur skeleton (D:4)
  Terence (D:3)
  Jessica (D:3)
  2 iguanas
  2 killer bee zombies
  A hound zombie (D:5)
  A hound skeleton (D:4)
  3 gnolls (D:2)
  A howler monkey skeleton (D:5)
  4 adders
  A shadow imp (Temple)
  An adder skeleton (D:4)
  2 worms
  2 dart slugs
  An orc (D:4)
  3 endoplasms
  4 giant cockroaches
  8 goblins
  11 hobgoblins
  5 jackals
  4 quokkas
  13 ball pythons
  4 bats
  3 frilled lizards
  5 kobolds
  A quokka skeleton (D:4)
  5 rats
98 creatures vanquished.

Vanquished Creatures (collateral kills)
  A worm (D:3)
  An orc (D:3)
  A quokka (D:5)
  2 kobolds
5 creatures vanquished.

Grand Total: 103 creatures vanquished

Notes
Turn   | Place    | Note
-------+----------+-------------------------------------------
     0 | D:1      | mcbry74 the Octopode Hedge Wizard began the quest for the
                  | Orb.
     0 | D:1      | Reached XP level 1. HP: 11/11 MP: 4/4
     6 | D:1      | Noticed a komodo dragon
     6 | D:1      | Noticed a five-headed hydra
     6 | D:1      | Noticed an anaconda
     7 | D:1      | Noticed a polar bear
     7 | D:1      | Noticed a lindwurm
    53 | D:1      | Found a faded altar of an unknown god.
   174 | D:1      | Reached XP level 2. HP: 17/17 MP: 6/6
   559 | D:1      | Reached XP level 3. HP: 21/21 MP: 7/7
  1942 | D:2      | Reached skill level 1 in Short Blades
  1942 | D:2      | Reached XP level 4. HP: 14/27 MP: 4/8
  2489 | D:3      | Noticed Jessica
  2499 | D:3      | Killed Jessica
  2539 | D:3      | Learned a level 1 spell: Slow
  2542 | D:3      | Learned a level 2 spell: Blink
  2545 | D:3      | Learned a level 2 spell: Call Imp
  2795 | D:3      | Found an opulent altar of Gozag.
  2799 | D:3      | Reached XP level 5. HP: 31/31 MP: 9/9
  3379 | D:3      | Noticed Terence
  3408 | D:3      | Killed Terence
  3602 | D:4      | Found a hide-covered altar of Uskayaw.
  3657 | D:4      | Reached skill level 5 in Stealth
  4376 | D:4      | Reached XP level 6. HP: 30/36 MP: 10/10
  4505 | D:4      | Found a hazy altar of Hepliaklqana.
  5004 | D:5      | Entered Level 5 of the Dungeon
  5067 | D:5      | Noticed Eustachio
  5095 | D:5      | Found a staircase to the Ecumenical Temple.
  5106 | D:5      | Noticed Blork the orc
  5111 | Temple   | Entered the Ecumenical Temple
  5506 | Temple   | Became a worshipper of Sif Muna the Loreminder
  5669 | D:5      | Reached skill level 5 in Conjurations
  5669 | D:5      | Reached XP level 7. HP: 32/41 MP: 11/11
  6027 | D:5      | Killed Blork the orc
  6383 | D:5      | Found a runed translucent door.
  6384 | D:5      | Noticed Crazy Yiuf
  6393 | D:5      | Killed Crazy Yiuf
  6393 | D:5      | Succumbed to Crazy Yiuf's poison

Illustrated notes

Levels and vault maps discovered:
D:1:      onia_arrival_zoo_common, layout_loops_cross,
          ebering_ecumenical_altar_webs, hangedman_decor_push
D:2:      minmay_wonky_spiral, layout_loops_corners,
          minmay_fractal_squares_gapless_5
D:3:      layout_rooms, nicolae_gozag_cash_rules_everything_around_me,
          nrook_loot_triangle, uniq_jessica, uniq_terence
D:4:      layout_loops_corners, nzn_hepliaklqana_mist_gate,
          eat_drink_and_be_merry_uskayaw, kennysheep_donut
D:5:      layout_cave_pools, lemuel_crystal_altar,
          minmay_temple_entry_purple_smoke, uniq_crazy_yiuf_cottage,
          uniq_blork_the_orc, uniq_eustachio
Temple:   compressed_dpeg_triangle_lava_temple

Skill      XL: |  1  2  3  4  5  6  7 |
---------------+----------------------+-----
Stealth        | 3 4 5 6 |  6.1
Conjurations   | 2 3 4 5 6 |  6.2
Short Blades   | 1 2 3 4 |  4.0
Dodging        | |  2.0
Spellcasting   | |  3.0
Summonings     | |  1.0
Translocations | |  1.0

Action                   |  1- 3 |  4- 6 |  7- 9 || total
-------------------------+-------+-------+-------++-------
Melee: Dagger            |    89 |   111 |    34 ||   234
       Constrict         |    22 |    17 |     7 ||    46
       Tentacles         |    14 |    25 |     5 ||    44
       Punch             |       |     1 |       ||     1
 Cast: Magic Dart        |    15 |    38 |    22 ||    75
       Call Imp          |       |     9 |     2 ||    11
       Slow              |       |     8 |     2 ||    10
  Use: Scroll            |       |     5 |     3 ||     8
       Potion            |       |     2 |       ||     2
 Stab: Sleeping          |    19 |    13 |       ||    32
Armor: Skin              |    10 |     6 |       ||    16
Dodge: Dodged            |    55 |    81 |    17 ||   153
